 Dungeon Crawl Stone Soup version 0.26-a0-962-g9b92081034 (webtiles) character file.

Game seed: 12583726873758899385

20645 MordorOrchid the Protected (level 12, -1/72 HPs)
             Began as a Gargoyle Delver on Dec 2, 2020.
             Was a High Priest of Makhleb.
             Slain by a 14-headed hydra (8 damage)
             ... on level 3 of the Lair of Beasts.
             The game lasted 00:36:28 (11327 turns).

MordorOrchid the Protected (Gargoyle Delver)       Turns: 11327, Time: 00:36:30

Health: -1/72      AC: 29    Str: 19    XL:     12   Next: 81%
Magic:  0/25       EV:  8    Int: 13    God:    Makhleb [*****.]
Gold:   1853       SH: 12    Dex: 11    Spells: 11/11 levels left

rFire    + + .     SeeInvis .   v - +7 hand axe of the Desert {vamp, rElec rF+}
rCold    . . .     Faith    .   w - +0 kite shield
rNeg     + . .     Spirit   +   y - +4 chain mail {rF+}
rPois    ∞         Reflect  .   T - +1 hat
rElec    +         Harm     .   b - scarf {repulsion}
rCorr    .         Rampage  .   r - +0 pair of gloves
MR       .....                  m - +0 pair of boots
Stlth    ..........             B - amulet of guardian spirit
HPRegen  0.22/turn              t - ring of magical power
MPRegen  0.19/turn              i - +4 ring of slaying

@: mighty, repel missiles
A: negative energy resistance 1, electricity resistance, unbreathing,
petrification resistance, rot immunity, AC +8
a: Minor Destruction, Lesser Servant of Makhleb, Major Destruction, Greater
Servant of Makhleb, Renounce Religion


You were on level 3 of the Lair of Beasts.
You worshipped Makhleb.
Makhleb was extremely pleased with you.
You visited 3 branches of the dungeon, and saw 13 of its levels.
You also visited: Sewer and Bailey.

You collected 2009 gold pieces.
You spent 156 gold pieces at shops.

Inventory:

Hand Weapons
 v - the +7 hand axe of the Desert (weapon) {vamp, rElec rF+}
   (You found it on level 4 of the Dungeon)

   It inflicts no extra harm, but heals its wielder when it wounds a living foe.
   It protects you from fire.
   It insulates you from electricity.
 x - a +1 vorpal dire flail
 N - a cursed +4 short sword
Missiles
 l - 10 boomerangs (quivered)
 o - 9 throwing nets
 J - 4 javelins
 O - 57 poisoned darts
Armour
 b - a scarf of repulsion (worn)
 m - a +0 pair of boots (worn)
 q - +0 acid dragon scales
 r - a +0 pair of gloves (worn)
 w - a +0 kite shield (worn)
 y - a +4 chain mail of fire resistance (worn)
 H - a +0 tower shield
 T - a +1 hat (worn)
 X - a +0 cloak
Jewellery
 a - an uncursed amulet of faith
 f - a +6 ring of intelligence
 i - a +4 ring of slaying (right hand)
 t - a ring of magical power (left hand)
 A - an uncursed ring of see invisible
 B - an amulet of guardian spirit (around neck)
 C - an uncursed ring of wizardry
 V - an uncursed ring of protection from magic
 W - the ring "Rirphuu" {rC++ rN+ Int+4 Dex+3 Stlth-}
   (You found it on level 9 of the Dungeon)

   [ring of attention]

   It affects your intelligence (+4).
   It affects your dexterity (+3).
   It greatly protects you from cold.
   It protects you from negative energy.
   It makes you less stealthy.
 Y - an uncursed ring of fire
Wands
 g - a wand of digging (10)
 z - a wand of polymorph (15)
 K - a wand of enslavement (8)
Scrolls
 c - 2 scrolls of fog
 d - 4 scrolls of magic mapping
 e - a scroll of fear
 j - 8 scrolls of remove curse
 k - 4 scrolls of teleportation
 s - a scroll of holy word {unknown}
 D - 2 scrolls of immolation
 F - a scroll of summoning {unknown}
 G - a scroll of enchant weapon
 L - 3 scrolls of enchant armour
 M - a scroll of blinking
 Q - 2 scrolls of noise
Potions
 h - 2 potions of flight
 n - a potion of magic
 u - 6 potions of curing
 E - 5 potions of lignification
 I - a potion of resistance
 U - a potion of haste
 Z - a potion of attraction {unknown}
Miscellaneous
 p - a condenser vane (inert)
 S - a tin of tremorstones (1/2)


   Skills:
 * Level 7.4 Fighting
 * Level 10.9 Maces & Flails
 * Level 11.9 Armour
 - Level 1.5 Dodging
 - Level 5.4 Stealth
 + Level 11.4 Shields
 * Level 5.4 Invocations
 * Level 4.6 Evocations


You had 11 spell levels left.
You didn't know any spells.
Your spell library contained the following spells:

 Spells                   Type           Power        Failure   Level
 Corona                   Hex            #......      98%         1
 Sandblast                Erth           #.....       98%         1
 Shock                    Conj/Air       #...         98%         1
 Ensorcelled Hibernation  Hex/Ice        #.....       99%         2
 Passwall                 Tmut/Erth      #.......     99%         2
 Slow                     Hex            #.......     99%         2
 Swiftness                Air            #.......     99%         2
 Confusing Touch          Hex            #.......     100%        3
 Dazzling Flash           Conj/Hex       #.....       100%        3
 Gell's Gravitas          Tloc           #.........   100%        3
 Inner Flame              Hex/Fire       #.......     100%        3
 Portal Projectile        Hex/Tloc       #.....       100%        3
 Static Discharge         Conj/Air       #.......     100%        3
 Stone Arrow              Conj/Erth      #.....       100%        3
 Tukima's Dance           Hex            #.......     100%        3
 Airstrike                Air            #.........   100%        4
 Cause Fear               Hex            #.........   100%        4
 Leda's Liquefaction      Hex/Erth       #.........   100%        4
 Petrify                  Tmut/Erth      #.......     100%        4
 Lee's Rapid Deconstruct  Erth           #.........   100%        5
 Lightning Bolt           Conj/Air       #.........   100%        5
 Metabolic Englaciation   Hex/Ice        #.........   100%        5
 Yara's Violent Unravell  Hex/Tmut       #.........   100%        5


Dungeon Overview and Level Annotations

Branches:
Dungeon (11/15)            Temple (1/1) D:5            Lair (3/6) D:8
  Swamp (0/4) Lair:2          Orc (0/2) D:10          Sewer (visited)
 Bailey (visited)
  Snake: Lair:2-4    Spider: Lair:2-4

Altars:
Ashenzari
Cheibriados
Elyvilon
Fedhas
Gozag
Hepliaklqana
Kikubaaqudgha
Makhleb
Nemelex Xobeh
Okawaru
Qazlal
Ru
Sif Muna
Trog
Uskayaw
Vehumet
Xom
Yredelemnul
Zin
The Shining One

Shops:
D:9 *


Innate Abilities, Weirdness & Mutations

You are resistant to torment.
Your stone body is resilient. (AC +8)
You are immune to poison.
You resist negative energy. (rN+)
You are resistant to electric shocks. (rElec)
You can survive without breathing.
You are immune to petrification.
You are immune to rotting.


Message History

Unknown command.
As you read the scroll of fear, it crumbles to dust.
You assume a fearsome visage.
The 14-headed hydra resists with some effort.
The 14-headed hydra closely misses you.
The 14-headed hydra bites you but does no damage.
The 14-headed hydra bites you!
* * * LOW HITPOINT WARNING * * *
The 14-headed hydra bites you but does no damage. x2
You block the 14-headed hydra's attack.
The 14-headed hydra bites you but does no damage. x2
The 14-headed hydra bites you.
* * * LOW HITPOINT WARNING * * *
The 14-headed hydra bites you but does no damage.
You block the 14-headed hydra's attack.
The 14-headed hydra bites you but does no damage.
The 14-headed hydra bites you.
* * * LOW HITPOINT WARNING * * *
The 14-headed hydra bites you!
You die...

.... .○§○ §§P.☼ §.§.
###§§°#.. ##.#......
#..DF..# ###.@#..#
#......# ##.....#
##....#.# ##
######.......#
#.###.P..........#
..... #
#.P.<......##....#
......
..#...†########....#
.P....
......†............###
.#..##


You could see a 14-headed hydra and a cane toad.

Vanquished Creatures
  Gastronok (D:9)
  A hydra (Lair:2)
  Erica (D:8)
  A fire crab (D:9)
  Pikel (D:6)
  A black mamba (Lair:3)
  6 cane toads
  Maggie (D:6)
  A rime drake (Lair:2)
  A troll (D:10)
  A polar bear (Lair:3)
  6 blink frogs (Lair:2)
  2 hornets
  Prince Ribbit (D:7)
  A meliai zombie (D:10)
  15 yaks
  A wraith (D:7)
  A basilisk (Lair:2)
  A hog (shapeshifter) (D:9)
  A swamp worm (Lair:2)
  Edmund (D:4)
  Duvessa (D:4)
  2 water moccasins
  2 sky beasts
  4 ogres
  2 ice beasts
  11 orc warriors
  5 black bears
  A phantom (D:8)
  12 wolves
  3 centaurs
  5 big kobolds
  8 gnoll sergeants
  16 bullfrogs
  A wyvern zombie (D:6)
  Dowan (D:4)
  2 scorpions
  10 wights
  2 howler monkeys (D:4)
  A bullfrog zombie (D:7)
  6 hounds
  2 centaur zombies
  2 bullfrog skeletons
  6 orc priests
  4 gnoll shamans (Bailey)
  9 orc wizards
  A jelly (D:8)
  2 centaur skeletons
  3 iguanas
  7 worker ants
  A howler monkey skeleton (D:7)
  A worker ant zombie (D:7)
  14 gnolls
  11 adders
  2 river rats (Sewer)
  A shadow imp (D:3)
  4 white imps
  4 ufetubi
  An ooze (D:4)
  An adder zombie (D:8)
  A worm (D:3)
  A dart slug (D:4)
  3 leopard geckos
  46 orcs
  A giant cockroach (D:4)
  A goblin (D:3)
  3 hobgoblins (D:3)
  13 jackals
  5 quokkas
  A bat (D:3)
  2 frilled lizards (D:4)
  5 kobolds
  A leopard gecko skeleton (D:5)
  A quokka zombie (D:6)
  6 rats
307 creatures vanquished.

Vanquished Creatures (collateral kills)
  Erolcha (D:9)
  A hydra (Lair:2)
  A black mamba (Lair:2)
  2 komodo dragons (Lair:2)
  A steam dragon (D:9)
  5 yaks
  4 wolves (Lair:2)
  2 bullfrogs (Lair:2)
  A gnoll sergeant (Bailey)
  A bullfrog zombie (D:9)
  An orc priest (D:9)
  2 gnoll shamans (Bailey)
  3 gnolls (Bailey)
  2 orcs (D:9)
  A jackal skeleton (D:9)
28 creatures vanquished.

Vanquished Creatures (others)
  55 fungi
  51 plants
106 creatures vanquished.

Grand Total: 441 creatures vanquished

Notes
Turn   | Place    | Note
-------+----------+-------------------------------------------
     0 | D:5      | MordorOrchid the Gargoyle Delver began the quest for the
                  | Orb.
     0 | D:5      | Reached XP level 1. HP: 14/14 MP: 1/1
    66 | D:5      | Noticed a worker ant
    77 | D:5      | Killed a worker ant
    78 | D:5      | Reached skill level 1 in Armour
    78 | D:5      | Reached XP level 2. HP: 15/19 MP: 2/2
    78 | D:5      | Reached XP level 3. HP: 18/23 MP: 3/3
   154 | D:5      | Found a glowing drain.
   203 | Sewer    | Entered a sewer
   692 | Sewer    | Reached XP level 4. HP: 28/28 MP: 4/4
   715 | Sewer    | Noticed a big kobold
   757 | Sewer    | Killed a big kobold
   758 | Sewer    | Reached XP level 5. HP: 16/32 MP: 5/5
   995 | Sewer    | Found a glowing silver altar of Zin.
  1064 | D:5      | Found a staircase to the Ecumenical Temple.
  1114 | Temple   | Entered the Ecumenical Temple
  1124 | Temple   | Became a worshipper of Makhleb the Destroyer
  1206 | D:4      | Found a shimmering blue altar of Sif Muna.
  1224 | D:4      | Noticed Dowan
  1315 | D:4      | Noticed an ogre
  1347 | D:4      | Killed an ogre
  1348 | D:4      | Reached skill level 5 in Maces & Flails
  1348 | D:4      | Reached XP level 6. HP: 15/37 MP: 6/6
  1609 | D:4      | Noticed Edmund
  2636 | D:3      | Reached * piety under Makhleb
  2918 | D:4      | Reached XP level 7. HP: 27/41 MP: 7/7
  3043 | D:4      | Got a pitted hand axe
  3044 | D:4      | Identified the +7 hand axe of the Desert {vamp, rElec rF+}
                  | (You found it on level 4 of the Dungeon)
  3228 | D:4      | Killed Edmund
  3332 | D:4      | Noticed Duvessa
  3501 | D:4      | Killed Duvessa
  3502 | D:4      | Reached skill level 1 in Shields
  3508 | D:4      | Killed Dowan
  3795 | D:5      | Reached XP level 8. HP: 46/46 MP: 8/8
  4168 | D:6      | Found a white marble altar of Elyvilon.
  4188 | D:6      | Reached skill level 5 in Armour
  4372 | D:6      | Noticed Maggie
  4394 | D:6      | Killed Maggie
  4395 | D:6      | Reached XP level 9. HP: 26/51 MP: 7/9
  4741 | D:6      | Reached ** piety under Makhleb
  4828 | D:6      | Noticed Pikel
  4851 | D:6      | Killed Pikel
  4977 | D:6      | Found a sparkling altar of Nemelex Xobeh.
  5243 | D:7      | Reached skill level 5 in Shields
  5535 | D:7      | Noticed a hornet
  5547 | D:7      | Killed a hornet
  5551 | D:7      | Reached XP level 10. HP: 56/56 MP: 10/10
  5587 | D:7      | Reached skill level 1 in Invocations
  6025 | D:8      | Noticed Prince Ribbit
  6036 | D:8      | Reached *** piety under Makhleb
  6060 | D:7      | Killed Prince Ribbit
  6061 | D:7      | Reached skill level 1 in Evocations
  6132 | D:8      | Noticed Erica
  6143 | D:8      | Killed Erica
  6633 | D:8      | Reached skill level 10 in Maces & Flails
  6653 | D:8      | Found a staircase to the Lair.
  6775 | D:8      | Reached **** piety under Makhleb
  6840 | D:8      | Identified a scroll of acquirement
  6866 | D:8      | Acquired 808 gold pieces
  7131 | D:8      | Reached XP level 11. HP: 59/60 MP: 13/13
  7331 | D:9      | Found a flagged portal.
  7347 | Bailey   | Entered a bailey
  7681 | Bailey   | Got a pitted hand axe
  7686 | Bailey   | Identified the +5 hand axe "Uklilaos" {vamp, Dex+7} (You
                  | found it in a bailey)
  7942 | D:9      | Found Rydixegi's General Store.
  7948 | D:9      | Bought a potion of heal wounds for 60 gold pieces
  7948 | D:9      | Bought 2 boomerangs for 12 gold pieces
  7948 | D:9      | Bought a potion of might for 48 gold pieces
  7948 | D:9      | Bought a potion of curing for 36 gold pieces
  7999 | D:9      | Found a hide-covered altar of Uskayaw.
  8011 | D:9      | Reached ***** piety under Makhleb
  8038 | D:9      | Found a basalt altar of Yredelemnul.
  8041 | D:9      | Found a glowing golden altar of the Shining One.
  8072 | D:9      | Found a bloodstained altar of Trog.
  8178 | D:9      | Noticed an angel
  8184 | D:9      | Noticed a profane servitor
  8238 | D:9      | Noticed Gastronok
  8252 | D:9      | Killed Gastronok
  8253 | D:9      | Reached skill level 10 in Armour
  8253 | D:9      | Reached skill level 10 in Shields
  8371 | D:9      | Found a runed translucent door.
  8373 | D:9      | Noticed a fire crab
  8385 | D:9      | Killed a fire crab
  8408 | D:9      | Noticed Erolcha
  8419 | D:9      | Killed Erolcha
  8494 | D:9      | Got a transparent jade ring
  8496 | D:9      | Identified the ring "Rirphuu" {rC++ rN+ Int+4 Dex+3 Stlth-}
                  | (You found it on level 9 of the Dungeon)
  8537 | D:10     | Entered Level 10 of the Dungeon
  8742 | D:10     | Found a staircase to the Orcish Mines.
  8771 | D:10     | Reached skill level 5 in Fighting
  9526 | D:11     | Noticed a cyclops
  9526 | D:11     | Noticed a two-headed ogre
  9526 | D:11     | Noticed a two-headed ogre
  9604 | Lair:1   | Entered Level 1 of the Lair of Beasts
 10028 | Lair:1   | Reached XP level 12. HP: 68/68 MP: 15/15
 10415 | Lair:2   | Noticed a five-headed hydra
 10437 | Lair:2   | Killed a 17-headed hydra
 10738 | Lair:2   | Noticed an eight-headed hydra
 10764 | Lair:2   | Reached skill level 5 in Invocations
 10767 | Lair:2   | Killed a 15-headed hydra
 11120 | Lair:2   | Found a staircase to the Swamp.
 11310 | Lair:3   | Noticed a seven-headed hydra
 11327 | Lair:3   | Slain by a 14-headed hydra

Illustrated notes

Levels and vault maps discovered:
D:3:      layout_basic, grunt_decor_mini_mirrors
D:4:      layout_gridville, lemuel_crystal_altar, uniq_edmund, uniq_duvessa
D:5:      layout_rooms, minmay_temple_entry_grid, portal_sewer_entry_d,
          minmay_misc_feat_plants
D:6:      layout_basic, elyvilon_altar_5, nemelex_diamond_rough_becter,
          uniq_maggie, uniq_pikel
D:7:      cheibrodos_barr_body, layout_loops_cross, supply_closet_lemuel
D:8:      layout_basic, due_lair_maze_entry_diamond, uniq_prince_ribbit1,
          uniq_erica
D:9:      layout_long_grid, grunt_temple_overflow_holy_war, old_standard_altar,
          kennysheep_mini_moat, serial_shops, nicolae_shop_trees,
          enter_bailey_2, minivault_13, uniq_gastronok, uniq_erolcha
D:10:     layout_layer_cave, kennysheep_orc_monster_closet_entryway,
          eino_small_chamber_without_monster
D:11:     minmay_s_stair_smasher, layout_long_grid, nicolae_trove_entry_crystal,
          chequers_guarded_unrand_ignorance, uniq_harold
Temple:   nicolae_temple_x_marks_the_god
Lair:1:   layout_chaotic_city, grunt_megastairs_1
Lair:2:   layout_hall_layers, minmay_swamp_entry_worms, grunt_megastairs_2
Lair:3:   layout_misc_corridors, nicolae_spider_entry_orb_guardian, basic_altar

Skill      XL: |  1  2  3  4  5  6  7  8  9 10 11 12 |
---------------+-------------------------------------+-----
Maces & Flails | 3 4 5 6 7 9 10 | 10.9
Armour         | 1 2 3 4 6 8 9 10 11 | 11.9
Shields        | 2 3 6 9 10 11 | 11.4
Invocations    | 2 4 5 |  5.4
Evocations     | 2 3 4 |  4.6
Fighting       | 5 7 |  7.4
Dodging        | |  1.5
Stealth        | |  5.4

Action                   |  1- 3 |  4- 6 |  7- 9 | 10-12 || total
-------------------------+-------+-------+-------+-------++-------
Melee: Mace              |    62 |   171 |       |       ||   233
       Hand axe          |       |       |   278 |   912 ||  1190
Throw: Boomerang         |       |       |     6 |    17 ||    23
       Throwing net      |       |       |       |     2 ||     2
Invok: Lesser Servant of |       |       |       |    10 ||    10
Evoke: Wand              |       |       |     2 |    17 ||    19
       Condenser vane    |       |       |       |     2 ||     2
       Tin of tremorston |       |       |       |     1 ||     1
  Use: Potion            |     1 |     4 |     2 |     6 ||    13
       Scroll            |       |     1 |     8 |    21 ||    30
 Stab: Sleeping          |       |     3 |       |       ||     3
       Distracted        |       |       |       |     7 ||     7
       Confused          |       |       |       |     4 ||     4
       Held in net/web   |       |       |       |     1 ||     1
Armor: Leather armour    |    13 |    73 |     2 |       ||    88
       Chain mail        |       |       |   193 |   784 ||   977
       Skin              |       |       |     5 |       ||     5
Dodge: Dodged            |    46 |   101 |    55 |   298 ||   500
Block: Kite shield       |       |       |   123 |   643 ||   766

Table legend: (Time is in decaauts)
 A = Elapsed time spent in this place.
 B = Non-inter-level travel time spent in this place.
 C = Inter-level travel time spent in this place.
 D = Time resting spent in this place.
 E = Time spent auto-exploring this place.
 F = Levels seen in this place.
 G = Mean time per level.
                   A        B        C        D        E       F      G
               +--------+--------+--------+--------+--------+-----+--------+
         Total |  11462 |  10846 |    616 |   1212 |   6447 |  15 |  764.1 |
       Dungeon |   8355 |   7811 |    544 |    658 |   4998 |   9 |  928.3 |
        Temple |     14 |     10 |      4 |      0 |      4 |   1 |   14.0 |
          Lair |   1725 |   1658 |     67 |      0 |   1149 |   3 |  575.0 |
         Sewer |    902 |    902 |      0 |    553 |    149 |   1 |  902.0 |
        Bailey |    463 |    463 |      0 |      0 |    147 |   1 |  463.0 |
               +--------+--------+--------+--------+--------+-----+--------+

Top non-repeatable levels by time:
     D:6: 1493 daAuts
     D:4: 1243 daAuts
     D:3: 1153 daAuts
     D:7: 1029 daAuts
    D:10: 1022 daAuts
   Sewer: 902 daAuts
     D:8: 881 daAuts
  Lair:2: 850 daAuts
     D:5: 766 daAuts
     D:9: 765 daAuts
  Lair:1: 698 daAuts
  Bailey: 463 daAuts
  Lair:3: 176 daAuts
  Temple: 14 daAuts
    D:11: 1 daAuts
